 Dungeon Crawl Stone Soup version 0.26.0-11-g8f856b5395 (webtiles) character file.

Game seed: 14267284416850813363

502 Delamore the Skirmisher (level 7, 0/44 HPs)
             Began as a Gargoyle Brigand on Jan 15, 2021.
             Killed by divine providence
             ... invoked by an orc priest
              (15 damage)
             ... on level 5 of the Dungeon.
             The game lasted 00:04:17 (4804 turns).

Delamore the Skirmisher (Gargoyle Brigand)          Turns: 4804, Time: 00:04:18

Health: 0/44       AC: 16    Str: 17    XL:     7   Next: 17%
Magic:  7/7        EV:  9    Int: 11    God:
Gold:   301        SH:  0    Dex: 11    Spells: 6/6 levels left

rFire    . . .     SeeInvis .   u - +1 mace (protect)
rCold    + . .     Faith    .   (no shield)
rNeg     + . .     Spirit   .   k - +0 scale mail
rPois    ∞         Reflect  .   s - +0 helmet
rElec    +         Harm     .   c - +0 cloak
rCorr    .         Rampage  .   p - +0 pair of gloves
Will     .....                  q - +0 pair of boots
Stlth    +.........             a - amulet of regeneration
HPRegen  0.54/turn              m - ring of protection from cold
MPRegen  0.10/turn              (no ring)

@: no status effects
A: negative energy resistance 1, electricity resistance, unbreathing,
petrification resistance, miasma immunity, AC +4
a: no special abilities


You were on level 5 of the Dungeon.
You visited 1 branch of the dungeon, and saw 5 of its levels.

You collected 301 gold pieces.

Inventory:

Hand Weapons
 u - a +1 mace of protection (weapon)
Missiles
 d - 39 poisoned darts (quivered)
 e - 2 curare-tipped darts
Armour
 c - a +0 cloak (worn)
 k - a +0 scale mail (worn)
 p - a +0 pair of gloves (worn)
 q - a +0 pair of boots (worn)
 s - a +0 helmet (worn)
Jewellery
 a - an amulet of regeneration (around neck)
 m - a ring of protection from cold (left hand)
Wands
 b - a wand of acid (11)
Scrolls
 g - 4 scrolls of teleportation {unknown}
 h - a scroll of immolation
 j - a scroll of fear
 o - a scroll of noise
 r - 2 scrolls of fog
 w - a scroll of magic mapping
Potions
 f - 2 potions of degeneration {unknown}
 i - a potion of lignification {unknown}
 l - a potion of mutation {unknown}
 n - 2 potions of curing {unknown}
 t - 2 potions of heal wounds {unknown}
 v - a potion of attraction {unknown}
 x - a potion of brilliance {unknown}
 z - a potion of might {unknown}


   Skills:
 - Level 5.0 Fighting
 - Level 1.7 Short Blades
 + Level 3.7 Maces & Flails
 - Level 1.7 Throwing
 + Level 4.7 Armour
 - Level 0.7 Dodging
 - Level 4.3 Stealth


You had 6 spell levels left.
You didn't know any spells.
Your spell library was empty.

Dungeon Overview and Level Annotations

Branches:
Dungeon (5/15)
 Temple: D:4-7

Altars:
Wu Jian


Innate Abilities, Weirdness & Mutations

You are resistant to torment.
Your stone body is resilient. (AC +4)
You are immune to poison.
You resist negative energy. (rN+)
You are resistant to electric shocks. (rElec)
You can survive without breathing.
You are immune to petrification.
You are immune to miasma.


Message History

You sock the orc!
You kill the orc!
The ogre barely misses you. The orc completely misses you.
You completely miss the ogre.
The ogre hits you with a cursed -1 giant club.
The orc barely misses you. The orc hits you but does no damage.
You closely miss the orc priest. The orc closely misses you.
The orc barely misses you.
The orc priest mumbles some strange prayers to Beogh against you.
Beogh smites you! The ogre closely misses you.
You hit the orc priest.
The orc priest is heavily wounded.
The orc hits you but does no damage. x2; The orc priest closely misses you.
The ogre barely misses you. The orc hits you but does no damage. x2
The orc priest calls down the wrath of Beogh upon you.
Beogh smites you!
* * * LOW HITPOINT WARNING * * *
The orc priest invokes the aid of Beogh against you.
Beogh smites you!
You die...

#..........#...# #
#......./....#
##.#.........).###..
.#..#...............#
............o..######
..##.............#
#......Oo....##...
#.......o....# ##
#.....@..[...#
#............#
#....<.†....##
#...#......##
#...######## ####


You could see an ogre, an orc priest and 2 orcs.

Vanquished Creatures
  An ogre (D:4)
  A centaur zombie (D:3)
  A bullfrog skeleton (D:4)
  A hound (D:4)
  A gnoll shaman (D:4)
  2 worker ants (D:4)
  A worker ant zombie (D:5)
  4 gnolls
  10 adders
  A white imp (D:4)
  An ooze (D:2)
  6 worms
  2 dart slugs
  3 leopard geckos
  4 orcs
  A ball python (D:2)
  4 bats
  6 giant cockroaches
  7 goblins
  9 hobgoblins
  6 jackals
  7 kobolds
  6 frilled lizards
  A quokka skeleton (D:4)
  5 rats
91 creatures vanquished.

Notes
Turn   | Place    | Note
-------+----------+-------------------------------------------
     0 | D:1      | Delamore the Gargoyle Brigand began the quest for the Orb.
     0 | D:1      | Reached XP level 1. HP: 12/12 MP: 1/1
   161 | D:1      | Reached skill level 1 in Armour
   192 | D:1      | Reached XP level 2. HP: 18/18 MP: 2/2
   589 | D:1      | Reached skill level 3 in Fighting
   817 | D:1      | Reached XP level 3. HP: 20/23 MP: 3/3
  1734 | D:2      | Reached skill level 1 in Maces & Flails
  1734 | D:2      | Reached XP level 4. HP: 22/28 MP: 4/4
  2853 | D:3      | Reached XP level 5. HP: 18/33 MP: 5/5
  2866 | D:3      | Reached skill level 4 in Fighting
  3207 | D:3      | Found an ornate altar of the Wu Jian Council.
  3583 | D:4      | Noticed an ogre
  3618 | D:4      | Killed an ogre
  3619 | D:4      | Reached XP level 6. HP: 12/39 MP: 6/6
  4213 | D:4      | Reached skill level 5 in Fighting
  4318 | D:4      | Reached XP level 7. HP: 35/44 MP: 7/7
  4761 | D:5      | Entered Level 5 of the Dungeon
  4804 | D:5      | Killed from afar by an orc priest

Illustrated notes

Levels and vault maps discovered:
D:1:      tarquinn_simple_flora_water_e, layout_basic, minivault_11
D:2:      layout_basic, chequers_decorated_corner, nrook_campfire
D:3:      layout_basic, lemuel_round_altar, kennysheep_generic_room_2
D:4:      layout_cave_pools, serial_rivers, chequers_serial_rivers_micro_c,
          chequers_serial_rivers_small_b, chequers_serial_rivers_room_b,
          chequers_serial_rivers_micro_a, chequers_serial_rivers_large_b,
          chequers_serial_rivers_micro_a, minmay_misc_feat_cross
D:5:      layout_rooms

Skill      XL: |  1  2  3  4  5  6 |
---------------+-------------------+-----
Armour         | 1 2 3 4 |  4.7
Fighting       | 3 4 5 |  5.0
Maces & Flails | 1 2 3 |  3.7
Short Blades   | |  1.7
Throwing       | |  1.7
Dodging        | |  0.7
Stealth        | |  4.3

Action                   |  1- 3 |  4- 6 |  7- 9 || total
-------------------------+-------+-------+-------++-------
Melee: Dagger            |    67 |       |       ||    67
       Club              |    84 |   236 |       ||   320
       Mace              |       |   111 |    59 ||   170
Throw: Dart              |       |    26 |       ||    26
  Use: Scroll            |       |     7 |       ||     7
 Stab: Sleeping          |     5 |       |       ||     5
Armor: Robe              |     9 |       |       ||     9
       Ring mail         |    10 |       |       ||    10
       Scale mail        |    63 |   313 |    62 ||   438
Dodge: Dodged            |    79 |   277 |    37 ||   393
